 Dungeon Crawl Stone Soup version 0.32-a0-411-g744942f433 (webtiles) character file.

Game seed: 8810021169752000084

3199 ezpacito the Chopper (level 9, -6/55 (66) HPs)
             Began as a Demonspawn Gladiator on Feb 19, 2024.
             Was an Initiate of Gozag.
             Mangled by a wight
             ... wielding a +5 morningstar
              (7 damage)
             ... on level 8 of the Dungeon on Feb 20, 2024.
             The game lasted 00:11:38 (6453 turns).

ezpacito the Chopper (Demonspawn Gladiator)         Turns: 6453, Time: 00:11:39

HP:   -6/55 (66)    AC:  7    Str: 17    XL:     9   Next: 64%
MP:   0/22          EV: 14    Int:  9    God:    Gozag
Gold: 475           SH:  0    Dex: 16    Spells: 6/14 levels left

rFire   . . .        t - +0 war axe (elec)
rCold   . . .        (no shield)
rNeg    . . .        o - +4 leather armour "Ciciow" {MP+9}
rPois   .            (helmet restricted)
rElec   .            (no cloak)
rCorr   .            (no gloves)
SInv    .            (no boots)
Will    +....        (no amulet)
Stlth   ++           (no ring)
HPRegen 0.29/turn    (no ring)
MPRegen 0.36/turn

%: clarity, guardian spirit
@: heavily drained
A: antennae 2, claws 1, magic shield, magic regeneration, magic link, weakness
stinger 2, talons 1, clarity, strong-willed 1, persistent drain
a: Renounce Religion, Potion Petition, Call Merchant, Bribe Branch


You were on level 8 of the Dungeon.
You worshipped Gozag.
Gozag was aware of your devotion.
You visited 1 branch of the dungeon, and saw 8 of its levels.
You also visited: Ossuary.

You collected 623 gold pieces.
You paid 148 gold pieces to Gozag.

Inventory:

Hand Weapons
 f - the +6 trident of Dullness {protect, Int-3 Dex+3 Stlth+}
   (You found it on level 4 of the Dungeon)

   Int-3:     It affects your intelligence (-3).
   Dex+3:     It affects your dexterity (+3).
   Stlth+:    It makes you more stealthy.
 g - a +0 whip of flaming
 t - a +0 war axe of electrocution (weapon)
Missiles
 b - 4 boomerangs
 d - 3 throwing nets (quivered)
 e - a javelin
 h - 15 poisoned darts
 l - 5 curare-tipped darts
Armour
 c - a +1 cloak
 o - the +4 leather armour "Ciciow" (worn) {MP+9}
   (You found it on level 2 of the Dungeon)

   MP+9:      It affects your magic capacity (+9).
 B - a +1 scale mail
Jewellery
 y - a ring of magical power
Talismans
 q - a flux talisman
Wands
 i - a wand of mindburst (7)
Scrolls
 j - 3 scrolls of fear
 k - a scroll of torment
 m - a scroll of revelation
 w - 2 scrolls of silence
Potions
 n - a potion of haste
 p - a potion of magic {unknown}
 s - 2 potions of lignification
 u - 2 potions of attraction
 A - a potion of enlightenment


   Skills:
 * Level 4.5 Fighting
 * Level 6.7(7.0) Axes
 + Level 2.3(4.9) Polearms
 * Level 3.9 Throwing
 * Level 3.3 Armour
 * Level 4.7 Dodging
 * Level 3.4 Stealth
 * Level 3.0 Unarmed Combat
 * Level 3.0 Spellcasting
 * Level 3.1 Summonings
 * Level 3.3 Necromancy
 * Level 1.2 Evocations


You had 6 spell levels left.
You knew the following spells:

 Your Spells              Type           Power      Damage    Failure   Level
a - Necrotise             Necr           28%        1d5       9%          1
b - Scorch                Fire           2%         2d5       47%         2
c - Call Imp              Summ           12%        N/A       16%         2
d - Fugue of the Fallen   Necr           7%         N/A       26%         3

Your spell library contained the following spells:

 Spells                   Type           Power      Damage    Failure   Level
 Sublimation of Blood     Necr           7%         N/A       14%         2
 Ozocubu's Armour         Ice            1%         N/A       71%         3
 Manifold Assault         Tloc           1%         N/A       98%         4
 Starburst                Conj/Fire      0%         6d3       100%        6
 Summon Hydra             Summ           3%         N/A       100%        7


Dungeon Overview and Level Annotations

Branches:
Dungeon (8/15)             Temple (0/1) D:5         Ossuary (visited)
   Lair: D:8-11

Altars:
Gozag
Makhleb
Ru
Sif Muna
Wu Jian

Shops:
D:7 [   D:8 :

Annotations:
D:3 cordlesssteve's ghost, amateur CoWr


Innate Abilities, Weirdness & Mutations

You have a pair of antennae on your head.
You have sharp fingernails.
When hurt, damage is shared between your health and your magic reserves.
You regenerate magic rapidly.
When low on magic, you restore magic in place of health.
You have a tail ending in a sharp stinger.
You have sharp toenails.
You possess an exceptional clarity of mind.
You are strong-willed. (Will+)
Your health recovers twice as slowly from being drained.


Message History

The wight misses you.
You hit the wight but do no damage. You claw the wight, but do no damage.
You barely miss the wight.
The wight hits you with a +0 short sword!
The wight hits you with a +5 morningstar!
You feel drained.
You are too injured to fight recklessly!
You are too injured to fight recklessly!
You are too injured to fight recklessly!
You are too injured to fight recklessly!
You are too injured to fight recklessly!
You are too injured to fight recklessly!
You are too injured to fight recklessly!
You are too injured to fight recklessly!
You are too injured to fight recklessly!
You are too injured to fight recklessly!
You are too injured to fight recklessly!
Unknown command.
You feel yourself speed up.
The wight hits you with a +0 short sword.
* * * LOW HITPOINT WARNING * * *
You feel drained.
* * * LOW HITPOINT WARNING * * *
A wight comes into view. It is wielding a +3 spear.
The wight hits you with a +5 morningstar.
* * * LOW HITPOINT WARNING * * *
Your magical effects are unravelling.
You feel magically purged.
You feel yourself slow down. The wight hits you but does no damage.
The wight misses you.
You barely miss the wight. Your kick misses the wight.
You hit the wight but do no damage. Lightning courses through the wight!
A wight comes into view. It is wielding a +0 halberd.
The wight hits you with a +0 short sword.
* * * LOW HITPOINT WARNING * * *
The wight hits you with a +5 morningstar!
* * * LOW HITPOINT WARNING * * *
You feel drained.
You die...
Your body crumbles into a pile of gold.

##### #[..
#######$#
#......z##
#......@.#
#..#..)#z# #
##.##.#######.
#∩##.........
####......##
#..z...#
........#
#.....z..#
#........#


You could see 4 wights.

Vanquished Creatures
  Pikel (D:4)
  Grinder (D:6)
  Sigmund (D:5)
  4 water moccasins
  3 black bears
  3 centaurs
  An ogre (D:5)
  A lemure (D:4)
  2 phantoms
  2 kobold brigands (D:6)
  An elf zombie (Ossuary)
  A bullfrog (D:7)
  2 bombardier beetles (D:5)
  6 hounds
  3 orc priests
  Crazy Yiuf (D:6)
  An iguana (D:7)
  6 orc wizards
  A hound zombie (Ossuary)
  4 mummies (Ossuary)
  7 gnolls
  6 adders
  5 river rats (D:6)
  A shadow imp (D:7)
  2 white imps
  A dart slug (D:2)
  2 ribbon worms
  13 orcs
  2 bats (D:2)
  6 endoplasms
  8 hobgoblins
  9 quokkas
  2 ball pythons
  5 frilled lizards
  12 goblins
  A goblin zombie (Ossuary)
  2 hobgoblin zombies (Ossuary)
  A jackal zombie (Ossuary)
  13 kobolds
  A kobold zombie (Ossuary)
  3 orc zombies (Ossuary)
  12 rats
  2 rat zombies (Ossuary)
161 creatures vanquished.

Notes
Turn   | Place    | Note
-------+----------+-------------------------------------------
     0 | D:1      | ezpacito the Demonspawn Gladiator began the quest for the
                  | Orb.
     0 | D:1      | Reached XP level 1. HP: 16/16 MP: 1/1
   127 | D:1      | Gained mutation: You regenerate magic rapidly. [demonic
                  | ancestry]
   127 | D:1      | Reached XP level 2. HP: 22/22 MP: 2/2
   569 | D:1      | Reached skill level 3 in Axes
   875 | D:2      | Discovered your monstrous ancestry.
   875 | D:2      | Gained mutation: You have sharp fingernails. [demonic
                  | ancestry]
   875 | D:2      | Reached XP level 3. HP: 27/27 MP: 3/3
  1079 | D:2      | Identified the +4 leather armour "Ciciow" {MP+9}
  1159 | D:2      | Gained mutation: You have a small tail. [demonic ancestry]
  1159 | D:2      | Reached XP level 4. HP: 32/33 MP: 4/4
  1477 | D:2      | Reached skill level 1 in Armour
  1731 | D:2      | Identified a scroll of acquirement
  1794 | D:3      | Gained mutation: When hurt, damage is shared between your
                  | health and your magic reserves. [demonic ancestry]
  1794 | D:3      | Reached XP level 5. HP: 39/39 MP: 6/6
  1916 | D:3      | Found a large runed translucent door.
  1916 | D:3      | Found a large runed translucent door.
  1917 | D:3      | Noticed cordlesssteve's ghost (amateur CoWr)
  1980 | D:3      | Reached skill level 1 in Stealth
  2015 | D:3      | Reached skill level 1 in Spellcasting
  2226 | D:3      | Upgraded the game from 0.32-a0-391-gce5c0aab1b to
                  | 0.32-a0-411-g744942f433
  2230 | D:4      | Acquired Rile Tiri's Book of Burnt Malignant Secrets
  2234 | D:4      | Learned a level 1 spell: Necrotise
  2237 | D:4      | Learned a level 2 spell: Scorch
  2320 | D:4      | Reached skill level 4 in Axes
  2349 | D:4      | Learned a level 2 spell: Call Imp
  2422 | D:4      | Noticed a black bear
  2441 | D:4      | Killed a black bear
  2442 | D:4      | Reached skill level 1 in Unarmed Combat
  2442 | D:4      | Gained mutation: You have a pair of small antennae on your
                  | head. [demonic ancestry]
  2442 | D:4      | Reached XP level 6. HP: 33/46 MP: 7/7
  2634 | D:4      | Identified the +6 trident of Dullness {protect, Int-3 Dex+3
                  | Stlth+}
  2656 | D:4      | Noticed Pikel
  2684 | D:4      | Killed Pikel
  2685 | D:4      | Reached skill level 1 in Polearms
  2685 | D:4      | Reached skill level 1 in Summonings
  2685 | D:4      | Reached skill level 1 in Necromancy
  2685 | D:4      | Gained mutation: When low on magic, you restore magic in
                  | place of health. [demonic ancestry]
  2685 | D:4      | Reached XP level 7. HP: 43/52 MP: 9/9
  2722 | D:4      | Found a burning altar of Makhleb.
  2938 | D:4      | Learned a level 3 spell: Fugue of the Fallen
  2947 | D:4      | Reached skill level 5 in Axes
  2972 | D:5      | Entered Level 5 of the Dungeon
  2995 | D:5      | Noticed Sigmund
  3006 | D:5      | Killed Sigmund
  3007 | D:5      | Gained mutation: You have a tail ending in a sharp stinger.
                  | [demonic ancestry]
  3007 | D:5      | Reached XP level 8. HP: 54/58 MP: 11/11
  3008 | D:5      | Found a staircase to the Ecumenical Temple.
  3098 | D:5      | Found a sacrificial altar of Ru.
  3135 | D:5      | Found a sand-covered staircase.
  3140 | Ossuary  | Entered an ossuary
  3717 | D:5      | Found an ornate altar of the Wu Jian Council.
  4210 | D:6      | Found a runed translucent door.
  4211 | D:6      | Noticed Crazy Yiuf
  4231 | D:6      | Killed Crazy Yiuf
  4517 | D:6      | HP: 2/60 [orc priest/divine providence (5)]
  4523 | D:6      | Gained mutation: You possess an exceptional clarity of
                  | mind. [potion of mutation]
  4523 | D:6      | Gained mutation: Your health recovers twice as slowly from
                  | being drained. [potion of mutation]
  4523 | D:6      | Gained mutation: You are strong-willed. (Will+) [potion of
                  | mutation]
  4523 | D:6      | Gained mutation: You have sharp toenails. [potion of
                  | mutation]
  4537 | D:6      | HP: 2/60 [orc priest/divine providence (11)]
  4539 | D:6      | Gained mutation: You have a pair of antennae on your head.
                  | [demonic ancestry]
  4539 | D:6      | Reached XP level 9. HP: 2/65 MP: 2/12
  4777 | D:6      | Noticed Grinder
  4791 | D:6      | Killed Grinder
  4792 | D:6      | Reached skill level 6 in Axes
  4960 | D:6      | Found an opulent altar of Gozag.
  5726 | D:6      | Became a worshipper of Gozag Ym Sagoz the Greedy
  5746 | D:7      | Found Vops's Antique Armour Shoppe.
  5939 | D:7      | Reached skill level 1 in Evocations
  6319 | D:7      | Found a shimmering blue altar of Sif Muna.
  6338 | D:8      | Found Qyw Cib's Tiny Tomes.
  6453 | D:8      | HP: 1/58 [wight/+5 morningstar (10)]
  6453 | D:8      | Mangled by a wight

Illustrated notes

Levels and vault maps discovered:
D:1:      ldierk_walled_garden_2, layout_loops_ring, minmay_3d_cube
D:2:      layout_basic
D:3:      layout_rooms, lemuel_doored_altar, ebering_ghost_disaster_area,
          kennysheep_pointless_box
D:4:      layout_gridville, mainiacjoe_overflow_concentric_impassable,
          uniq_pikel
D:5:      layout_basic, kennysheep_little_box, mainiacjoe_overflow_brackets,
          minmay_temple_entry_junction_2, nicolae_ossuary_entry_false_entrances,
          corner_web_ring, uniq_sigmund
D:6:      lemuel_ratsnest, layout_basic, nicolae_gozag_seed_capital,
          serial_corexii_hall, chequers_hall_statues_wall_a,
          corexii_hall_statues_x, corexii_hall_statues_t, uniq_grinder,
          uniq_crazy_yiuf_cottage
D:7:      layout_basic, tgw_sif, zin_scriptorium, serial_shops, shop,
          lemuel_flamethrower_1
D:8:      layout_basic, regret_index_xom_of_box, fedhas_altar_1,
          lemuel_round_altar, serial_shops, nicolae_shop_bloodbath_and_beyond,
          nicolae_shop_i_like_small_books_too

Skill      XL: |  1  2  3  4  5  6  7  8  9 |
---------------+----------------------------+-----
Throwing       | 2 3 |  3.9
Axes           | 3 4 5 6 |  6.7
Dodging        | 3 4 |  4.7
Armour         | 1 2 3 |  3.3
Stealth        | 1 2 3 |  3.4
Spellcasting   | 1 2 3 |  3.0
Unarmed Combat | 1 2 3 |  3.0
Fighting       | 3 4 |  4.5
Polearms       | 1 2 |  2.3
Summonings     | 1 2 3 |  3.1
Necromancy     | 1 2 3 |  3.3
Evocations     | 1 |  1.2

Action                     |  1- 3 |  4- 6 |  7- 9 || total
---------------------------+-------+-------+-------++-------
  Melee: War axe           |    71 |   124 |   238 ||   433
         Tailslap          |       |    19 |    36 ||    55
         Trident           |       |    28 |    64 ||    92
         Kick              |       |       |    47 ||    47
    Use: Scroll            |       |     6 |     9 ||    15
         Potion            |       |     4 |    15 ||    19
   Stab: Distracted        |       |     1 |       ||     1
         Sleeping          |       |       |     9 ||     9
 Armour: Leather armour    |    28 |   135 |   254 ||   417
         Ring mail         |    18 |       |       ||    18
         Skin              |       |       |    13 ||    13
  Dodge: Dodged            |    46 |   161 |   256 ||   463

Table legend: (Time is in decaauts)
 A = Elapsed time spent in this place.
 B = Non-inter-level travel time spent in this place.
 C = Inter-level travel time spent in this place.
 D = Time resting spent in this place.
 E = Time spent auto-exploring this place.
 F = Levels seen in this place.
 G = Mean time per level.
                   A        B        C        D        E       F      G
               +--------+--------+--------+--------+--------+-----+--------+
         Total |   6575 |   6160 |    415 |     15 |   4736 |   9 |  730.6 |
       Dungeon |   6281 |   5866 |    415 |     15 |   4558 |   8 |  785.1 |
       Ossuary |    293 |    293 |      0 |      0 |    178 |   1 |  293.0 |
               +--------+--------+--------+--------+--------+-----+--------+

Top non-repeatable levels by time:
     D:6: 1628 daAuts
     D:2: 932 daAuts
     D:5: 887 daAuts
     D:1: 882 daAuts
     D:4: 769 daAuts
     D:7: 594 daAuts
     D:3: 465 daAuts
 Ossuary: 293 daAuts
     D:8: 121 daAuts
